 Dungeon Crawl Stone Soup version 0.29.1-1-gd02db6906a (webtiles) character file.

Game seed: 2444899438082181363

21 H0rd4k the Insei (level 2, 0/18 HPs)
             Began as an Octopode Transmuter on Oct 20, 2022.
             Slain by a worm (8 damage)
             ... on level 2 of the Dungeon.
             The game lasted 00:00:32 (1165 turns).

H0rd4k the Insei (Octopode Transmuter)              Turns: 1165, Time: 00:00:33

Health: 0/18       AC:  1    Str:  9    XL:     2   Next: 83%
Magic:  4/5        EV: 13    Int: 15    God:
Gold:   88         SH:  0    Dex: 12    Spells: 4/5 levels left

rFire   . . .      SeeInvis .     - Unarmed
rCold   . . .      Faith    .   (no shield)
rNeg    . . .      Spirit   .   (helmet currently unavailable)
rPois   .          Reflect  .   (no amulet)
rElec   .          Harm     .   h - ring of resist corrosion
rCorr   +          Rampage  .   (no ring)
Will    .....                   (no ring)
Stlth   ++........              (no ring)
HPRegen 0.06/turn               (no ring)
MPRegen 0.09/turn               (no ring)
                                (no ring)
                                (no ring)

@: appendages
A: tentacle spike 3, almost no armour, amphibious, 8 rings, camouflage 1,
gelatinous body 1, (nimble swimmer 1), tentacles
a: End Transformation


You were on level 2 of the Dungeon.
One of your tentacles had grown a beastly spike.
You visited 1 branch of the dungeon, and saw 2 of its levels.

You collected 88 gold pieces.

Inventory:

Jewellery
 h - a ring of resist corrosion (left tentacle)
Scrolls
 b - a scroll of amnesia {unknown}
 d - a scroll of silence {unknown}
 e - 2 scrolls of immolation {unknown}
 i - a scroll of magic mapping {unknown}
 j - a scroll of torment {unknown}
 k - a scroll of vulnerability {unknown}
 l - a scroll of teleportation {unknown}
Potions
 a - a potion of lignification
 c - 2 potions of mutation {unknown}
 f - a potion of cancellation {unknown}
 g - a potion of brilliance {unknown}
 m - a potion of magic {unknown}


   Skills:
 + Level 1.0 Fighting
 + Level 2.3 Dodging
 + Level 3.5 Unarmed Combat
 + Level 2.1 Spellcasting
 + Level 2.1 Transmutations


You had 4 spell levels left.
You knew the following spells:

 Your Spells              Type           Power      Damage    Failure   Level
a - Beastly Appendage     Tmut           14%        N/A       10%         1

Your spell library contained the following spells:

 Spells                   Type           Power      Damage    Failure   Level
 Wereblood                Tmut           7%         N/A       14%         2
 Summon Small Mammal      Summ           4%         N/A       22%         1
 Spider Form              Tmut/Pois      4%         N/A       38%         3
 Call Canine Familiar     Summ           1%         N/A       54%         3
 Summon Guardian Golem    Hex/Summ       1%         N/A       54%         3
 Ice Form                 Ice/Tmut       4%         N/A       80%         4


Dungeon Overview and Level Annotations

Branches:
Dungeon (2/15)

Altars:


Innate Abilities, Weirdness & Mutations

One of your tentacles has grown a beastly spike.
You cannot wear most types of armour.
You are amphibious.
You can wear up to eight rings at the same time.
Your skin changes colour to match your surroundings (Stealth+).
Your rubbery body absorbs attacks. (AC +1, EV +1)
((You are camouflaged when in or above water. (Stealth+)))
You have tentacles for arms and can constrict up to eight enemies at once.


Message History

You tentacle-slap the bat. Your grab misses the bat.
Your squeeze misses the bat.
The bat is severely wounded.
The bat barely misses you.
A bat is nearby!
A bat is nearby!
The bat hits you but does no damage.
You barely miss the bat. Your grab misses the bat. You tentacle-slap the bat.
You kill the bat!
You see here a +0 robe.
Found a stone staircase leading down.
No target in view!
There is a stone staircase leading down here.
Key pressed, stopping explore.
No target in view!
There is a stone staircase leading up here.
A worm comes into view.
Found a scroll labelled BUXTAELUHU.
Found an escape hatch in the floor.
A worm is nearby!
Saving game... please wait.
Welcome back, H0rd4k the Octopode Transmuter.
Press ? for a list of commands and other information.
Casting: Beastly Appendage (safe; 10% risk of failure)
Confirm with . or Enter, or press ? or * to list all spells.
One of your tentacles grows a vicious spike.
Found 2 potions of lignification.
The worm bites you.
You tentacle-slap the worm but do no damage.
You grab the worm.
You pierce the worm.
The worm is moderately wounded.
You constrict the worm. The worm bites you!
You tentacle-slap the worm but do no damage.
You pierce the worm.
The worm is heavily wounded.
You constrict the worm.
You tentacle-slap the worm but do no damage.
You pierce the worm.
The worm is heavily wounded.
You constrict the worm. The worm bites you!
You die...

# #......#.# #.#
##...##.#.# #.#
#.......#.# #.#######
##....##.#(###<......#
...............#####.#
#.#.#.......##.......###
#.#......##.##.##......!
# ##.....##.##.......#
#..#.###.##..@w##.#
......# #.##....?..#
##...... ..##.##..#.#
#...########.. ....#
#...# #.# ..#.# #...#
#.. ....# #. .>### ...


You could see a worm.

Vanquished Creatures
  2 bats (D:2)
  4 endoplasms (D:1)
  2 giant cockroaches (D:1)
  A goblin (D:1)
  3 hobgoblins (D:1)
  A ball python (D:1)
  2 frilled lizards (D:1)
  2 kobolds (D:1)
17 creatures vanquished.

Notes
Turn   | Place    | Note
-------+----------+-------------------------------------------
     0 | D:1      | H0rd4k the Octopode Transmuter began the quest for the Orb.
     0 | D:1      | Reached XP level 1. HP: 13/13 MP: 3/3
    58 | D:1      | Found a faded altar of an unknown god.
   156 | D:1      | Reached XP level 2. HP: 12/18 MP: 5/5
  1165 | D:2      | Slain by a worm

Illustrated notes

Levels and vault maps discovered:
D:1:      enne_arrival_octagon_isle, layout_loops_ring,
          ebering_ecumenical_altar_webs
D:2:      layout_loops_cross, grunt_ministairs_11

Action                   || total
-------------------------++-------
Melee: Unarmed           ||    46
       Tentacles         ||     6
       Constrict         ||     8
       Punch             ||     4
       Kick              ||     3
 Cast: Beastly Appendage ||     1
 Stab: Sleeping          ||     6
Armor: Skin              ||     7
Dodge: Dodged            ||    24
